 Seeded DCSS version 0.31-a0-263-ge8cad7f (webtiles) character file.

Game seed: 2767337840731368785 (custom seed)

50640 Dawnplanks the Frost Mage (level 14, -1/76 HPs)
             Began as a Gargoyle Ice Elementalist on June 21, 2022.
             Was a High Priest of Qazlal.
             Slain by an orc warlord
             ... wielding a +0 long sword
              (25 damage)
             ... on level 2 of the Orcish Mines on July 13, 2023.
             The game lasted 01:16:35 (20640 turns).

Dawnplanks the Frost Mage (GrIE)                   Turns: 20640, Time: 01:16:36

Health: -1/76      AC: 27    Str: 14    XL:     14   Next: 56%
Magic:  29/40      EV: 13    Int: 19    God:    Qazlal [*****.]
Gold:   1455       SH: 18    Dex: 10    Spells: 25/40 levels left

rFire   + . .        I - +1 dagger (protect)
rCold   + . .        R - +2 buckler {reflect}
rNeg    + . .        t - +0 steam dragon scales
rPois   ∞            V - +2 helmet
rElec   +            p - scarf {rC+ rF+}
rCorr   .            U - +0 pair of gloves
SInv    .            v - +0 pair of boots
Will    ++...        W - amulet of reflection
Stlth   +            Q - ring of magical power
HPRegen 0.32/turn    X - ring "Gioth" {+Blink Will+}
MPRegen 0.27/turn

%: repel missiles, reflection
@: under a protective aura, flying, very slightly contaminated
A: sickness immunity, AC +10, big wings, negative energy resistance 1,
electricity resistance, torment resistance 1, petrification resistance, hooves 1
a: Renounce Religion, Evoke Blink, Upheaval, Elemental Force, Disaster Area


You were on level 2 of the Orcish Mines.
You worshipped Qazlal.
Qazlal was extremely pleased with you.
You visited 4 branches of the dungeon, and saw 20 of its levels.
You also visited: Ossuary.

You collected 1455 gold pieces.

Inventory:

Hand Weapons
 I - a +1 dagger of protection (weapon)
 P - a -2 heavy demon whip
Missiles
 B - 3 throwing nets
Armour
 p - a scarf of resistance (worn)
 t - +0 steam dragon scales (worn)
 v - a +0 pair of boots (worn)
 R - a +2 buckler of reflection (worn)
 U - a +0 pair of gloves (worn)
 V - a +2 helmet (worn)
Jewellery
 i - a ring of flight
 C - a +6 ring of dexterity
 H - an amulet of regeneration
 N - a ring of positive energy
 Q - a ring of magical power (left hand)
 W - an amulet of reflection (around neck)
 X - the ring "Gioth" (right hand) {+Blink Will+}
   (You found it on level 2 of the Lair of Beasts)

   [ring of willpower]

   +Blink:    It lets you blink.
   Will:      It increases your willpower.
 Y - a ring of magical power
 Z - a ring of ice
Wands
 m - a wand of acid (3)
 D - a wand of digging (5)
 E - a wand of roots (4)
 J - a wand of polymorph (9)
 K - a wand of flame (6)
 L - a wand of paralysis (18)
 T - a wand of mindburst (5)
Scrolls
 a - a scroll of revelation {unknown}
 d - 3 scrolls of vulnerability {unknown}
 e - a scroll of silence {unknown}
 g - 4 scrolls of fear {unknown}
 h - a scroll of summoning {unknown}
 j - 2 scrolls of blinking {unknown}
 k - 3 scrolls of immolation {unknown}
 l - 4 scrolls of enchant armour {unknown}
 o - 4 scrolls of amnesia {unknown}
 r - 3 scrolls of noise
 u - a scroll of enchant weapon {unknown}
 y - a scroll of acquirement {unknown}
 G - 3 scrolls of fog
 M - 2 scrolls of teleportation {unknown}
Potions
 c - 5 potions of brilliance
 f - 3 potions of haste
 n - 10 potions of ambrosia
 q - 2 potions of might
 s - 5 potions of curing
 w - 2 potions of invisibility
 x - 3 potions of enlightenment
 z - 2 potions of resistance
 A - 2 potions of mutation
 F - 3 potions of lignification
 O - 4 potions of heal wounds
Miscellaneous
 S - a phantom mirror


   Skills:
 + Level 4.3 Fighting
 + Level 6.2 Dodging
 - Level 2.2 Stealth
 + Level 5.8 Shields
 - Level 0.2 Unarmed Combat
 + Level 13.6 Spellcasting
 + Level 9.2 Conjurations
 + Level 13.8 Ice Magic
 + Level 1.9 Air Magic
 * Level 9.3 Invocations


You had 25 spell levels left.
You knew the following spells:

 Your Spells              Type           Power      Damage    Failure   Level
a - Freeze                Ice            100%       1d10      1%          1
b - Ozocubu's Armour      Ice            60%        N/A       1%          3
c - Frozen Ramparts       Ice            100%       1d16      1%          3
d - Hailstorm             Conj/Ice       54%        3d12      1%          3
e - Freezing Cloud        Conj/Ice/Air   22%        6-21      6%          5

Your spell library contained the following spells:

 Spells                   Type           Power      Damage    Failure   Level
 Momentum Strike          Conj/Tloc      60%        3d9       1%          2
 Static Discharge         Conj/Air       68%        2-5/arc   1%          2
 Stone Arrow              Conj/Erth      60%        3d10      3%          3
 Necrotise                Necr           48%        1d6       6%          1
 Sandblast                Erth           24%        2d8       6%          1
 Summon Small Mammal      Summ           48%        N/A       6%          1
 Blink                    Tloc           24%        N/A       10%         2
 Lesser Beckoning         Tloc           24%        N/A       10%         2
 Passwall                 Tmut/Erth      10%        N/A       10%         2
 Vhi's Electric Charge    Tloc/Air       32%        N/A       13%         3
 Call Canine Familiar     Summ           12%        N/A       19%         3
 Gell's Gravitas          Tloc           12%        N/A       19%         3
 Ignite Poison            Fire/Tmut/Pois 12%        N/A       19%         3
 Inner Flame              Hex/Fire       12%        N/A       19%         3
 Summon Guardian Golem    Hex/Summ       12%        N/A       19%         3
 Teleport Other           Tloc           12%        N/A       19%         3
 Vampiric Draining        Necr           12%        2d6       19%         3
 Arcjolt                  Conj/Air       17%        1d27      19%         5
 Fireball                 Conj/Fire      15%        3d8       26%         5
 Irradiate                Conj/Tmut      15%        3d16      26%         5
 Airstrike                Air            10%        2d(2-18)  28%         4
 Summon Lightning Spire   Summ/Air       16%        N/A       41%         4
 Animate Dead             Necr           12%        N/A       54%         4
 Cause Fear               Hex            6%         N/A       54%         4
 Passage of Golubria      Tloc           12%        N/A       54%         4
 Petrify                  Tmut/Erth      12%        N/A       54%         4
 Silence                  Hex/Air        8%         N/A       77%         5
 Agony                    Necr           12%        N/A       87%         5
 Alistair's Intoxication  Tmut/Pois      8%         N/A       87%         5
 Borgnjor's Vile Clutch   Necr/Erth      6%         N/A       87%         5
 Yara's Violent Unravell  Hex/Tmut       6%         3d5       87%         5
 Dispersal                Tloc           6%         N/A       100%        6
 Eringya's Noxious Bog    Tmut/Pois      6%         4d6       100%        6
 Enfeeble                 Hex            6%         N/A       100%        7
 Haunt                    Necr/Summ      6%         N/A       100%        7
 Infestation              Necr           6%         N/A       100%        8
 Lehudib's Crystal Spear  Conj/Erth      15%        10d5      100%        8
 Maxwell's Capacitive Co  Air            10%        ∞         100%        8
 Dragon's Call            Summ           6%         N/A       100%        9
 Cigotuvi's Dreadful Rot  Necr/Pois/Air  Unusable   N/A       N/A         2
 Sublimation of Blood     Necr           Unusable   N/A       N/A         2

Dungeon Overview and Level Annotations

Branches:
Dungeon (12/15)            Temple (1/1) D:6            Lair (5/6) D:10
  Swamp (0/4) Lair:3        Snake (0/4) Lair:3        Slime (0/5) Lair:5
    Orc (2/2) D:9         Ossuary (visited)
    Elf: Orc:2

Altars:
Ashenzari
Cheibriados
Dithmenos
Elyvilon
Fedhas
Gozag
Hepliaklqana
Kikubaaqudgha
Makhleb
Nemelex Xobeh
Okawaru
Qazlal
Ru
Sif Muna
Trog
Uskayaw
Vehumet
Wu Jian
Xom
Yredelemnul
Zin
The Shining One

Shops:
D:4 :   D:10 *


Innate Abilities, Weirdness & Mutations

You are immune to sickness and miasma.
Your stone body is resilient. (AC +10)
You are immune to poison.
Your large and strong wings let you fly.
You resist negative energy. (rN+)
You are resistant to electric shocks. (rElec)
You are resistant to unholy torment.
You are immune to petrification.
You have large cloven feet.


Message History

The orc warlord hits you with a +0 long sword!!
The orc warrior is engulfed in freezing vapours.
You block the orc warrior's attack.
The orc warrior shoots an arrow.
You block the arrow with your +2 buckler of reflection... and reflect it back!
The arrow closely misses the orc warrior.
You hit the orc warlord.
The orc warlord is severely wounded.
The sentinel's mark upon you fades away.
The orc warrior is engulfed in freezing vapours.
You kill the orc warrior!
Qazlal accepts your kill.
The orc warlord is engulfed in freezing vapours.
The orc warlord roars a battlecry!
The orc knight goes into a battle-frenzy!
An orc warrior comes into view. It is wielding a +0 scimitar.
Casting: Freezing Cloud (dangerous; 6% risk of failure)
Confirm with . or Enter, or press ? or * to list all spells.
Aiming: Freeze (safe; 1% risk of failure)
Press: ? - help, Shift-Dir - straight line, f - orc warlord
Aim: an orc warlord, wielding a +0 long sword and wearing a +0 plate armour of cold resistance (freezing vapour, severely wounded, strong)
You freeze the orc warlord.
The orc warlord resists.
The orc warlord is severely wounded.
The orc warlord is engulfed in freezing vapours.
You block the orc warlord's attack. You block the orc's attack.
The orc knight is engulfed in freezing vapours.
An orc comes into view. It is wielding a +0 hand axe.
You hit the orc warlord but do no damage.
The orc warlord is severely wounded.
Your icy armour evaporates.
The orc knight is engulfed in freezing vapours.
The orc knight roars a battlecry!
The orc goes into a battle-frenzy!
The orc warlord hits you but does no damage.
The orc closely misses you.
An orc warrior comes into view.
It is wielding a +0 scimitar and wearing a +1 chain mail of poison resistance.
Magic courses through your body.
The orc knight is engulfed in freezing vapours.
The orc warlord is engulfed in freezing vapours.
The orc warlord hits you with a +0 long sword!!
You die...

#..... #☼....)
##.§.§)..
##...§○...
##...§§§...
##..)§°)..).
##..§))o.).[.
#§)☼)@o°..)..
#§§°§)oo))..).
#o§§o°○).)..[.$
.o§§§o°..)[....
o..)..)§.....$.
...............
...............
...............


You could see an orc warlord (strong), an orc knight (strong), 3 orc warriors
and 4 orcs.

Vanquished Creatures
  Nessos (Lair:5)
  3 hydras
  5 death yaks (Lair:2)
  3 boulder beetles
  Sonja (Lair:3)
  Amaemon (D:10)
  A sixfirhy (Orc:2)
  An orc sorcerer (Orc:2)
  2 manticores (D:11)
  A salamander (Lair:3)
  The ghost of Sixotanaka the Gouger, a novice FeRe of Dithmenos (Lair:2)
  4 elephants (Lair:5)
  2 ugly things
  5 black mambas
  An orange demon (D:10)
  9 cane toads
  7 rime drakes
  3 gargoyles
  3 unseen horrors
  A tengu conjurer (D:12)
  5 komodo dragons
  5 trolls
  A hornet (D:9)
  A queen bee (Lair:3)
  22 blink frogs
  7 dream sheep (Lair:4)
  A centaur simulacrum (D:11)
  7 slime creatures (D:12)
  2 wyverns
  3 wraiths
  A shadow (D:11)
  A vampire (D:11)
  A water elemental (D:11)
  39 yaks
  5 basilisks
  3 steam dragons
  2 vampire mosquitoes (D:12)
  Menkaure (D:4)
  A swamp worm (Lair:3)
  A warg (Orc:2)
  2 acid dragons
  13 water moccasins
  18 orc warriors
  3 black bears
  3 ogres
  13 wolves
  10 centaurs
  2 phantoms
  Blork the orc (D:4)
  4 kobold brigands
  12 bullfrogs
  A gnoll sergeant (D:7)
  4 scorpions
  5 water moccasin zombies (Ossuary)
  10 wights
  41 killer bees
  2 electric eels (D:11)
  6 howler monkeys
  3 lava snakes (Lair:3)
  A jelly (D:5)
  13 orc priests
  4 gnoll boudas
  4 hounds
  Natasha (thrice) (D:2)
  2 iguanas
  12 orc wizards
  12 hell rats (Lair:3)
  2 mummies (Ossuary)
  15 gnolls
  7 adders
  A shadow imp (D:7)
  A white imp (D:6)
  An ufetubus (D:4)
  9 adder zombies (Ossuary)
  2 dart slugs
  4 worms
  44 orcs
  6 ball pythons
  11 endoplasms
  8 giant cockroaches
  3 gnoll zombies (Ossuary)
  5 hobgoblins
  6 quokkas
  7 bats
  3 frilled lizards
  8 goblins
  7 hobgoblin zombies (Ossuary)
  24 kobolds
  4 kobold zombies (Ossuary)
  3 orc zombies (Ossuary)
  7 rats
556 creatures vanquished.

Notes
Turn   | Place    | Note
-------+----------+-------------------------------------------
     0 | D:1      | Dawnplanks the Gargoyle Ice Elementalist began the quest
                  | for the Orb.
     0 | D:1      | Reached XP level 1. HP: 10/10 MP: 3/3
     0 | D:1      | Upgraded the game from 0.29-a0-654-g1c8a42d to
                  | 0.29-a0-664-gff9cad4
     0 | D:1      | Upgraded the game from 0.29-a0-664-gff9cad4 to
                  | 0.31-a0-229-g1fc7ce9
     0 | D:1      | Upgraded the game from 0.31-a0-229-g1fc7ce9 to
                  | 0.31-a0-232-gb1c03b2
     1 | D:1      | Upgraded the game from 0.31-a0-232-gb1c03b2 to
                  | 0.31-a0-261-g072fdb8
   303 | D:1      | Reached XP level 2. HP: 12/15 MP: 3/5
   726 | D:1      | Reached XP level 3. HP: 10/19 MP: 1/6
   832 | D:1      | Learned a level 3 spell: Ozocubu's Armour
   836 | D:1      | Learned a level 3 spell: Frozen Ramparts
  1093 | D:1      | Found a faded altar of an unknown god.
  1546 | D:2      | Reached XP level 4. HP: 24/24 MP: 6/8
  1589 | D:2      | Noticed Natasha
  1594 | D:2      | Killed Natasha
  1595 | D:2      | Reached skill level 5 in Ice Magic
  1637 | D:2      | Noticed Natasha
  1641 | D:2      | Killed Natasha
  1899 | D:2      | Reached XP level 5. HP: 28/28 MP: 5/9
  2104 | D:2      | Found an iron altar of Okawaru.
  2113 | D:2      | Noticed Natasha
  2118 | D:2      | Killed Natasha
  3031 | D:3      | Found a burning altar of Makhleb.
  3136 | D:3      | Found a sparkling altar of Nemelex Xobeh.
  3249 | D:4      | Noticed a phantom
  3272 | D:4      | Noticed Menkaure
  3294 | D:3      | Killed a phantom
  3295 | D:3      | Reached XP level 6. HP: 17/32 MP: 2/12
  3423 | D:4      | Noticed Blork the orc
  3656 | D:4      | Learned a level 3 spell: Hailstorm
  3962 | D:4      | Killed Blork the orc
  4094 | D:4      | Noticed a black bear
  4101 | D:4      | Killed Menkaure
  4102 | D:4      | Reached XP level 7. HP: 13/37 MP: 4/14
  4268 | D:4      | Found Keisib's Tremendous Tomes.
  4439 | D:5      | Entered Level 5 of the Dungeon
  4462 | D:5      | Found a sand-covered staircase.
  4471 | Ossuary  | Entered an ossuary
  4517 | Ossuary  | Reached skill level 5 in Spellcasting
  4798 | Ossuary  | Reached skill level 1 in Fighting
  4898 | Ossuary  | Reached XP level 8. HP: 39/43 MP: 4/15
  6431 | D:6      | Reached skill level 1 in Conjurations
  6443 | D:6      | Reached XP level 9. HP: 23/48 MP: 1/19
  6714 | D:6      | Found a staircase to the Ecumenical Temple.
  6722 | Temple   | Entered the Ecumenical Temple
  6776 | Temple   | Became a worshipper of Qazlal Stormbringer
  6887 | D:6      | Found a hide-covered altar of Uskayaw.
  7206 | D:7      | Reached * piety under Qazlal
  7805 | D:7      | Found a glowing golden altar of the Shining One.
  7808 | D:7      | Noticed an angel
  7825 | D:7      | Found a basalt altar of Yredelemnul.
  7827 | D:7      | Noticed a profane servitor
  7922 | D:7      | Reached XP level 10. HP: 41/54 MP: 18/22
  8373 | D:8      | Learned a level 5 spell: Freezing Cloud
  8918 | D:9      | Reached skill level 10 in Ice Magic
  9075 | D:9      | Reached ** piety under Qazlal
  9337 | D:9      | Reached skill level 10 in Spellcasting
  9569 | D:9      | Found a bloodstained altar of Trog.
  9598 | D:9      | Reached skill level 1 in Invocations
  9598 | D:9      | Reached XP level 11. HP: 51/60 MP: 21/25
  9672 | D:9      | HP: 1/60 [centaur/arrow (8)]
  9811 | D:9      | Found a staircase to the Orcish Mines.
 10025 | D:9      | Reached skill level 1 in Shields
 10112 | D:9      | Identified the +0 scale mail "Siegeehy" {Str+2 Stlth+}
 10305 | D:10     | Entered Level 10 of the Dungeon
 10524 | D:10     | Noticed Amaemon
 10533 | D:10     | Killed Amaemon
 10895 | D:10     | Found a staircase to the Lair.
 11008 | D:10     | Found Tekiagys's Neck Hole.
 11515 | D:11     | Reached *** piety under Qazlal
 11516 | D:11     | Reached skill level 5 in Conjurations
 11542 | D:11     | You are sucked into a shaft and drop 1 floor!
 11850 | D:12     | Noticed a white ugly thing
 11861 | D:12     | Killed a white ugly thing
 12134 | D:12     | Noticed a boulder beetle
 12162 | D:12     | Killed a boulder beetle
 12422 | D:12     | Reached skill level 1 in Air Magic
 12435 | D:12     | Reached XP level 12. HP: 66/66 MP: 27/27
 12890 | D:11     | Reached skill level 5 in Dodging
 13425 | D:11     | Noticed a boulder beetle
 13448 | D:11     | Killed a boulder beetle
 13449 | D:11     | Reached skill level 5 in Invocations
 14391 | Lair:1   | Entered Level 1 of the Lair of Beasts
 15492 | Lair:2   | Noticed a death yak
 15500 | Lair:2   | Noticed a death yak
 15501 | Lair:2   | Noticed a death yak
 15503 | Lair:2   | Noticed a death yak
 15504 | Lair:2   | Noticed a death yak
 15507 | Lair:2   | Killed a death yak
 15514 | Lair:2   | Killed a death yak
 15515 | Lair:2   | Reached XP level 13. HP: 66/70 MP: 21/29
 15616 | Lair:2   | Reached **** piety under Qazlal
 15848 | Lair:2   | Found a transporter.
 15853 | Lair:2   | Noticed Sixotanaka's ghost (novice FeRe)
 15854 | Lair:2   | Found a transporter.
 16323 | Lair:2   | Killed Sixotanaka's ghost
 16330 | Lair:2   | Identified the ring "Gioth" {+Blink Will+}
 16344 | Lair:2   | Upgraded the game from 0.31-a0-261-g072fdb8 to
                  | 0.31-a0-263-ge8cad7f
 16625 | Lair:3   | Noticed Sonja
 16630 | Lair:3   | Killed Sonja
 16940 | Lair:3   | Reached skill level 5 in Shields
 16951 | Lair:3   | Reached ***** piety under Qazlal
 17055 | Lair:3   | Identified the +3 flail of the Toadstool {distort, rPois}
 17697 | Lair:3   | Gained mutation: Your large and strong wings let you fly.
                  | [Gargoyle growth]
 17697 | Lair:3   | Reached XP level 14. HP: 71/76 MP: 24/31
 17787 | Lair:3   | Found a staircase to the Snake Pit.
 18003 | Lair:3   | Found a staircase to the Swamp.
 18660 | Lair:4   | Gained mutation: You have large cloven feet. [potion of
                  | mutation]
 19517 | Lair:5   | Found a staircase to the Slime Pits.
 19528 | Lair:5   | Noticed Nessos
 19535 | Lair:5   | Killed Nessos
 20332 | Orc:1    | Entered Level 1 of the Orcish Mines
 20596 | Orc:2    | Entered Level 2 of the Orcish Mines
 20603 | Orc:2    | Noticed an orc warlord
 20640 | Orc:2    | Slain by an orc warlord

Illustrated notes

Levels and vault maps discovered:
D:1:      dpeg_chamrin_arrival_tetris, layout_basic,
          ebering_ecumenical_altar_abandoned
D:2:      layout_loops_cross, basic_altar, minmay_between, uniq_natasha
D:3:      layout_basic, lemuel_tele_altar, nemelex_spade_bored_becter,
          minmay_diced_spiral
D:4:      layout_basic, nicolae_shop_i_like_big_books, uniq_menkaure,
          uniq_blork_the_orc
D:5:      layout_basic, enter_ossuary_1, gup_sewer_entry_bowl,
          lexackson_kobold_supper
D:6:      layout_gridville, mainiacjoe_overflow_alcove_1,
          minmay_temple_entry_tees, hangedman_decor_growths
D:7:      layout_rooms, grunt_temple_overflow_holy_war
D:8:      layout_basic
D:9:      layout_basic, kennysheep_mini, orc_0_dummy, centaur_isle
D:10:     layout_irregular_city, lair_entry_dummy,
          nicolae_shop_sticking_my_neck_out, uniq_amaemon
D:11:     wad_cavern_with_rooms, layout_basic, kennysheep_small_spiral
D:12:     layout_gridville, serial_park_tiny_2
Temple:   lightli_temple_of_artemis
Lair:1:   layout_gridlike, dreamdust_gnoll_shepherd
Lair:2:   layout_hall_layers, gammafunk_ghost_arena, infiniplex_staircase_pool_2
Lair:3:   layout_gridlike, palyth_hydra_swamp_entry,
          nicolae_snake_entry_warm_welcome, special_room [special_room_bee],
          uniq_sonja
Lair:4:   layout_regular_city, grunt_megastairs_1, lemuel_fruit_tree
Lair:5:   layout_gridlike, slime_entry_1, uniq_nessos
Orc:1:    layout_caves, basic_altar, elf_legates
Orc:2:    pf_orc_diabolical, layout_caves, mines1_david

Skill      XL: |  1  2  3  4  5  6  7  8  9 10 11 12 13 14 |
---------------+-------------------------------------------+-----
Spellcasting   | 3 4 5 7 8 10 11 12 13 | 13.6
Ice Magic      | 5 6 7 8 9 10 11 12 13 | 13.8
Dodging        | 2 3 4 5 6 |  6.2
Fighting       | 1 2 3 4 |  4.3
Conjurations   | 1 4 5 7 8 9 |  9.2
Invocations    | 1 4 6 8 9 |  9.3
Shields        | 2 3 5 |  5.8
Air Magic      | 1 |  1.9
Stealth        | |  2.2
Unarmed Combat | |  0.2

Action                     |  1- 3 |  4- 6 |  7- 9 | 10-12 | 13-15 || total
---------------------------+-------+-------+-------+-------+-------++-------
  Melee: Unarmed           |    11 |       |       |     5 |       ||    16
         Punch             |     1 |       |       |       |       ||     1
         Hand axe          |       |    30 |   170 |       |       ||   200
         Dagger            |       |     1 |       |   282 |   195 ||   478
         Whip              |       |       |    26 |    68 |       ||    94
   Cast: Freeze            |    54 |    94 |    69 |   116 |    66 ||   399
         Ozocubu's Armour  |     3 |     4 |    22 |    62 |    37 ||   128
         Frozen Ramparts   |       |     5 |    12 |    70 |    47 ||   134
         Hailstorm         |       |     1 |    31 |    33 |    13 ||    78
         Freezing Cloud    |       |       |       |    18 |    54 ||    72
 Invoke: Upheaval          |       |       |       |     3 |       ||     3
         Disaster Area     |       |       |       |       |     3 ||     3
  Evoke: Wand              |       |       |       |       |     1 ||     1
    Use: Scroll            |       |       |       |    11 |     5 ||    16
         Potion            |       |       |       |     4 |     5 ||     9
 Armour: Robe              |    13 |    28 |   164 |    18 |       ||   223
         Steam dragon scal |       |       |       |   276 |    83 ||   359
         Skin              |       |       |       |     1 |       ||     1
  Dodge: Dodged            |    31 |    60 |   190 |   284 |    97 ||   662
         Repelled          |       |       |       |       |     3 ||     3
  Block: Other             |       |       |       |    46 |       ||    46
         Buckler           |       |       |       |   113 |   294 ||   407
         Reflection        |       |       |       |     3 |    20 ||    23

Table legend: (Time is in decaauts)
 A = Elapsed time spent in this place.
 B = Non-inter-level travel time spent in this place.
 C = Inter-level travel time spent in this place.
 D = Time resting spent in this place.
 E = Time spent auto-exploring this place.
 F = Levels seen in this place.
 G = Mean time per level.
                   A        B        C        D        E       F      G
               +--------+--------+--------+--------+--------+-----+--------+
         Total |  20734 |  19867 |    867 |    794 |  15833 |  21 |  987.3 |
       Dungeon |  13813 |  13230 |    583 |    782 |  10483 |  12 | 1151.1 |
        Temple |     62 |      9 |     53 |      0 |      3 |   1 |   62.0 |
          Lair |   5898 |   5685 |    213 |     12 |   4677 |   5 | 1179.6 |
  Orcish Mines |    308 |    292 |     16 |      0 |    216 |   2 |  154.0 |
       Ossuary |    652 |    652 |      0 |      0 |    453 |   1 |  652.0 |
               +--------+--------+--------+--------+--------+-----+--------+

Top non-repeatable levels by time:
  Lair:3: 1654 daAuts
    D:12: 1478 daAuts
     D:9: 1420 daAuts
    D:11: 1417 daAuts
    D:10: 1222 daAuts
     D:2: 1187 daAuts
     D:1: 1172 daAuts
     D:5: 1153 daAuts
  Lair:2: 1153 daAuts
     D:3: 1124 daAuts
     D:7: 1097 daAuts
  Lair:5: 1075 daAuts
  Lair:4: 1015 daAuts
  Lair:1: 998 daAuts
     D:4: 973 daAuts
